 Dungeon Crawl Stone Soup version 0.14.2-1-g46dc7f8a84 (webtiles) character file.

35914 ProGaza the Severer (level 13, -13/109 (114) HPs)
             Began as a Minotaur Fighter on Mar 2, 2020.
             Killed from afar by an orc sorcerer (22 damage)
             ... with a bolt of negative energy
             ... led by an orc knight
             ... on Level 15 of the Dungeon on Mar 3, 2020.
             The game lasted 01:44:16 (19343 turns).

ProGaza the Severer (Minotaur Fighter)             Turns: 19343, Time: 01:44:16

HP -13/109 (114) AC 26     Str 25      XL: 13   Next: 45%
MP   5/5         EV  6     Int  5      God:
Gold 891         SH 26     Dex 12      Spells:  0 memorised, 12 levels left

rFire  . . .     SeeInvis .     U - +1,+5 war axe
rCold  + . .     Clarity  .     J - +4 plate armour {rC+}
rNeg   . . .     Conserve .     X - +0 shield
rPois  .         rCorr    .     t - +2 hat
rElec  .         rRot     .     M - +2 cloak (curse)
SustAb + .       Spirit   .     R - +0 pair of gloves of Broken Taboos {MR+ Dex+1 Dam+3}
rMut   .         Warding  .     P - +1 pair of boots
Saprov . . .     Stasis   .     (no amulet)
MR     +....                    Q - ring of sustenance
                                V - cursed ring of sustain abilities

@: very slightly contaminated, heavily drained, somewhat resistant to hostile
enchantments, extremely unstealthy
A: retaliatory headbutt, horns 2
a: no special abilities


You were on level 15 of the Dungeon.
You were not hungry.

You visited 2 branches of the dungeon, and saw 16 of its levels.
You also visited: Sewer and Bailey.

You collected 969 gold pieces.
You spent 78 gold pieces at shops.

Inventory:

Hand weapons
 a - a +2,+1 crossbow of evasion
 N - a +0 blowgun
 U - a +1,+5 war axe (weapon)
Missiles
 s - 111 darts (quivered)
 H - 43 poisoned needles
 O - 2 curare-tipped needles
 Y - 80 bolts
 Z - 3 bolts of flame
Armour
 t - a +2 hat (worn)
 J - a +4 plate armour of cold resistance (worn)
 M - a cursed +2 cloak (worn)
 P - a +1 pair of boots (worn)
 R - the +0 pair of gloves of Broken Taboos (worn) {MR+ Dex+1 Dam+3}
   (You found it on level 7 of the Dungeon)

   It affects your dexterity (+1).
   It affects your damage with ranged weapons and melee attacks (+3).
   It affects your resistance to hostile enchantments.
 X - a +0 shield (worn)
Magical devices
 c - a wand of slowing (15)
 k - a wand of fireball (4)
 y - a wand of polymorph (4)
 A - a wand of slowing (21)
 F - a wand of fire (5) {unknown}
 K - a wand of paralysis (13) {unknown}
 S - a wand of digging (18) {unknown}
Comestibles
 d - 3 chokos
 n - 5 meat rations
 q - a lychee
 v - a royal jelly
 w - a slice of pizza
 x - a bread ration
 z - 3 pears
 G - 5 honeycombs
 L - 2 beef jerkies
 T - 2 apples
Scrolls
 b - 2 scrolls of immolation
 i - a scroll of holy word {unknown}
 j - 5 scrolls of remove curse
 o - a scroll of fog
 u - a scroll of fear
Jewellery
 g - an uncursed ring of positive energy
 r - an uncursed ring of ice
 D - an uncursed ring of positive energy
 I - an uncursed ring of protection from fire
 Q - a ring of sustenance (right hand)
 V - a cursed ring of sustain abilities (left hand)
Potions
 e - a potion of might
 f - 5 potions of haste
 l - a potion of porridge
 m - 4 potions of curing
 C - 3 potions of restore abilities
 W - a potion of brilliance
Books
 h - a book of Air

   Spells                             Type                      Level
   Shock                              Conjuration/Air              1
   Swiftness                          Charms/Air                   2
   Repel Missiles                     Charms/Air                   2
   Flight                             Charms/Air                   3
   Static Discharge                   Conjuration/Air              3
   Lightning Bolt                     Conjuration/Air              5


   Skills:
 - Level 10.6(8.1) Fighting
 * Level 18.0(15.1) Axes
 + Level 6.5(4.3) Crossbows
 + Level 9.3(6.9) Armour
 - Level 0.2(0.0) Dodging
 + Level 13.6(10.9) Shields


You had 12 spell levels left.
You didn't know any spells.

Dungeon Overview and Level Annotations

Branches:
Dungeon (15/15)            Temple (1/1) D:7             Orc (0/4) D:9
   Lair (0/8) D:11         Vaults (0/5) D:13         Depths (0/5) D:15

Altars:
Ashenzari
Cheibriados
Dithmenos
Elyvilon
Fedhas
Kikubaaqudgha
Makhleb
Nemelex Xobeh
Okawaru
Sif Muna
Trog
Vehumet
Xom
Yredelemnul
Zin
The Shining One

Shops:
D:4 ?   D:14 (   D:15 (

Portals:
Trove: D:11 (give +3 ice dragon armour)

Annotations:
D:7 exclusion: ice statue


Innate Abilities, Weirdness & Mutations

You reflexively headbutt those who attack you in melee.
You have a pair of horns on your head.


Message History

Found a war axe.
The orc sorcerer casts a spell at you.
You suddenly lose the ability to move!
Found a runed silver ring.
The orc priest calls down the wrath of Beogh upon you.
Something smites you!
* * * LOW HITPOINT WARNING * * *
The orc knight unwields an uncursed war axe.
The orc knight wields an uncursed runed bow.
The orc knight shoots an arrow.
The arrow hits you!
The orc sorcerer gestures at you while chanting.
Helpless, you fail to dodge the bolt of negative energy.
You feel drained.
* * * LOW HITPOINT WARNING * * *
You can move again.
You see here an arrow.
Unknown command.
The orc sorcerer points at you and mumbles some strange words.
The bolt of negative energy hits you!
You feel drained.
You die...

#.#. # .#########...[ .#.#
#..........#.... #.#.#
#.###.######.###### .#.# .
#................. ..# #..
#.#§§.............. ..# #..
##.§≈§.≈).≈.§..#### ..# #..
#..§.§≈.≈≈.....# ....# ..
#.≈.#≈.§≈§#§≈..# ...... #.
#.@≈≈≈≈§≈≈§§...#
######.#.######(≈≈§≈...§§≈§..#
##♣###.....o.oZo.#≈≈.>.≈≈#...#
♣o∩.♣####.###.#.≈≈≈≈...≈≈≈≈.##
.(♣oZo(o)...o.#§.≈≈≈≈§§≈≈§..#
#########.#####§§.#≈≈≈§ . ..
.... #§§=.≈§# ### ##.###
##..§§≈ . ... #...


You could see an orc knight, an orc sorcerer, an orc (frenzied) and a warg
zombie.

Vanquished Creatures
  A fire giant (D:15)
  4 vault guards (D:13)
  2 hydras
  A catoblepas (D:14)
  A centaur warrior (D:13)
  4 hill giants
  An unseen horror (D:13)
  2 orc knights
  4 cyclopes
  An orc sorcerer (D:13)
  A griffon (D:14)
  3 gargoyles
  A blue devil (D:15)
  2 guardian mummies (D:11)
  2 komodo dragons
  A queen bee (D:9)
  3 centaur zombies
  3 tengu conjurers
  4 trolls
  3 hydra skeletons
  2 ravens (D:14)
  A trapdoor spider (D:14)
  A basilisk (D:15)
  A deep elf mage (D:13)
  A wraith (D:13)
  A shark (D:10)
  A hill giant zombie (D:13)
  12 ugly things
  A human (D:13)
  3 wyverns
  A hippogriff (D:9)
  2 hungry ghosts (D:11)
  15 yaks
  A warg (D:15)
  3 deep elf fighters
  9 vampire mosquitoes
  Edmund (D:7)
  3 necrophages
  A mottled dragon (D:13)
  7 sky beasts
  3 yellow wasps
  4 giant goldfish (D:10)
  Purgy (Sewer)
  A black bear (D:11)
  14 orc warriors
  7 ogres
  11 ice beasts
  Duvessa (D:7)
  7 centaurs
  A big kobold (D:13)
  A cyclops zombie (D:15)
  12 giant frogs
  2 eyes of draining
  A cyclops skeleton (D:12)
  3 scorpions
  24 killer bees
  5 wights (D:11)
  An electric eel (D:10)
  4 goliath beetles
  10 crimson imps
  Dowan (D:7)
  5 hounds
  8 jellies
  A big fish (D:10)
  7 orc priests
  A giant frog zombie (D:10)
  17 orc wizards
  A black bear skeleton (D:8)
  3 iguanas
  8 worker ants
  3 sheep (D:11)
  Ijyb (D:3)
  Jessica (D:2)
  An ogre zombie (D:7)
  A basilisk simulacrum (D:15)
  2 mummies
  A green rat (D:6)
  A scorpion zombie (D:8)
  A shadow imp (D:5)
  15 adders
  2 giant mites
  A white imp (D:4)
  7 worms
  An iguana zombie (D:5)
  An orc skeleton (D:10)
  4 giant geckos
  An ooze (D:2)
  74 orcs
  A bat skeleton (D:4)
  10 giant cockroaches
  12 goblins
  18 hobgoblins
  18 jackals
  4 quokkas
  17 bats
  3 giant newts
  A giant spore (D:11)
  A goblin skeleton (D:4)
  26 kobolds
  3 orc zombies
  14 rats
  4 ballistomycetes
526 creatures vanquished.

Vanquished Creatures (others)
  A raven (D:14)
  3 ugly things (D:12)
  A wraith (D:11)
  Eustachio (D:4)
  A vampire mosquito (D:14)
  2 orc priests (D:11)
  A giant frog skeleton (D:12)
  A shadow imp (D:11)
  A giant spore (D:10)
12 creatures vanquished.

Grand Total: 538 creatures vanquished

Notes
Turn   | Place    | Note
--------------------------------------------------------------
     0 | D:1      | ProGaza, the Minotaur Fighter, began the quest for the Orb.
     0 | D:1      | Reached XP level 1. HP: 19/19 MP: 1/1
   263 | D:1      | Reached XP level 2. HP: 27/27 MP: 1/1
   271 | D:1      | Reached skill level 4 in Shields
   788 | D:2      | Reached XP level 3. HP: 14/33 MP: 2/2
  1452 | D:2      | Reached XP level 4. HP: 41/41 MP: 2/2
  1542 | D:2      | Noticed Jessica
  1549 | D:2      | Killed Jessica
  1906 | D:3      | Noticed Ijyb
  1911 | D:3      | Killed Ijyb
  2106 | D:3      | Reached XP level 5. HP: 47/47 MP: 2/2
  2162 | D:3      | Reached skill level 5 in Axes
  2471 | D:4      | Reached skill level 5 in Fighting
  2498 | D:4      | Noticed an ogre
  2507 | D:4      | Killed an ogre
  2631 | D:4      | Noticed Eustachio
  2637 | D:4      | Reached XP level 6. HP: 49/56 MP: 3/3
  2649 | D:4      | Killed Eustachio
  2649 | D:4      | Reached skill level 6 in Axes
  2715 | D:4      | Found a shadowy altar of Dithmenos.
  2920 | D:4      | Found Claufeiwk's Magic Scroll Shoppe.
  2934 | D:4      | Bought a scroll of identify for 26 gold pieces
  2934 | D:4      | Bought a scroll of identify for 26 gold pieces
  2934 | D:4      | Bought a scroll of identify for 26 gold pieces
  3327 | D:4      | Reached skill level 5 in Shields
  3548 | D:5      | Entered Level 5 of the Dungeon
  3558 | D:5      | Reached skill level 7 in Axes
  3558 | D:5      | Reached XP level 7. HP: 40/63 MP: 3/3
  4673 | D:5      | Reached skill level 8 in Axes
  4963 | D:6      | Found a white marble altar of Elyvilon.
  5108 | D:6      | Reached XP level 8. HP: 63/71 MP: 3/3
  5452 | D:6      | Found a glowing drain.
  5456 | Sewer    | Entered a sewer
  5583 | Sewer    | Noticed Purgy
  5593 | Sewer    | Killed Purgy
  5593 | Sewer    | Reached skill level 9 in Axes
  6089 | D:7      | Found a staircase to the Ecumenical Temple.
  6161 | Temple   | Entered the Ecumenical Temple
  6378 | D:7      | Got a pair of brightly glowing gloves
  6382 | D:7      | Identified the cursed +0 pair of gloves of Broken Taboos {MR+ Dex+1 Dam+3} (You found it on level 7 of the Dungeon)
  6396 | D:7      | Noticed Duvessa
  6396 | D:7      | Noticed Dowan
  6406 | D:7      | Killed Dowan
  6418 | D:7      | Killed Duvessa
  6608 | D:7      | Noticed an ice statue
  6631 | D:7      | Reached skill level 10 in Axes
  6856 | D:7      | Noticed Edmund
  6867 | D:7      | Killed Edmund
  6867 | D:7      | Reached XP level 9. HP: 81/81 MP: 4/4
  7604 | D:8      | Reached skill level 11 in Axes
  7798 | D:8      | Found a flagged portal.
  7845 | Bailey   | Entered a bailey
  8229 | Bailey   | Noticed an orc knight
  8685 | Bailey   | Killed an orc knight
  8685 | Bailey   | Reached skill level 12 in Axes
  9038 | D:8      | Reached XP level 10. HP: 91/91 MP: 4/4
  9600 | D:8      | Found a glowing golden altar of the Shining One.
  9600 | D:8      | Found a blossoming altar of Fedhas.
  9600 | D:8      | Found a radiant altar of Vehumet.
 10320 | D:9      | Reached skill level 13 in Axes
 10550 | D:9      | Reached skill level 10 in Fighting
 10907 | D:9      | Found a staircase to the Orcish Mines.
 11363 | D:10     | Entered Level 10 of the Dungeon
 11431 | D:10     | Reached skill level 10 in Shields
 11702 | D:10     | Reached skill level 14 in Axes
 12084 | D:10     | Reached XP level 11. HP: 70/97 MP: 4/4
 12423 | D:10     | Identified a scroll of acquirement
 12710 | D:11     | Found a portal to a secret trove of treasure.
 12812 | D:11     | Noticed a six-headed hydra
 12827 | D:11     | Killed a 13-headed hydra
 13237 | D:11     | Found a staircase to the Lair.
 13290 | D:11     | Reached skill level 15 in Axes
 13290 | D:11     | Reached skill level 5 in Armour
 13749 | D:11     | Noticed a hill giant
 13760 | D:11     | Killed a hill giant
 14405 | D:12     | Reached skill level 1 in Crossbows
 14434 | D:12     | Noticed a hill giant
 14443 | D:12     | Killed a hill giant
 14443 | D:12     | Reached skill level 16 in Axes
 14443 | D:12     | Reached XP level 12. HP: 89/103 MP: 5/5
 14892 | D:12     | HP: 1/103 [cloud of flame (6)]
 15371 | D:12     | Noticed a hill giant
 15378 | D:12     | Killed a hill giant
 16159 | D:13     | Noticed a vault guard
 16189 | D:13     | Noticed a vault guard
 16193 | D:13     | Noticed a vault guard
 16503 | D:13     | Killed a vault guard
 16720 | D:13     | Reached skill level 17 in Axes
 17023 | D:13     | Killed a vault guard
 17023 | D:13     | Reached skill level 5 in Crossbows
 17038 | D:13     | Found a gate to the Vaults.
 17041 | D:13     | Noticed a vault guard
 17066 | D:13     | Killed a vault guard
 17104 | D:13     | Killed a vault guard
 17172 | D:13     | Found a burning altar of Makhleb.
 17210 | D:13     | Reached XP level 13. HP: 109/109 MP: 5/5
 18014 | D:14     | Found Klokep's Weapon Shoppe.
 18480 | D:15     | Entered Level 15 of the Dungeon
 18566 | D:15     | Found a staircase to the Depths.
 18566 | D:15     | Noticed a fire giant
 18578 | D:15     | Killed a fire giant
 19181 | D:15     | Reached skill level 18 in Axes
 19199 | D:15     | Found Arecit's Antique Weapon Shoppe.
 19338 | D:15     | Paralysed by an orc sorcerer for 5 turns
 19343 | D:15     | Killed from afar by an orc sorcerer

Action                   |  1- 3 |  4- 6 |  7- 9 | 10-12 | 13-15 || total
-------------------------+-------+-------+-------+-------+-------++-------
Melee: War axe           |    91 |   143 |   304 |   892 |   211 ||  1641
 Fire: Blowgun           |       |       |    39 |    18 |       ||    57
       Crossbow          |       |       |   100 |     2 |    12 ||   114
Throw: Dart              |       |    10 |    95 |     9 |       ||   114
       Throwing net      |       |       |     1 |       |       ||     1
  Use: Scroll            |     2 |     9 |     6 |    20 |     7 ||    44
       Potion            |       |       |     2 |     8 |     4 ||    14
 Stab: Held in net/web   |       |       |     1 |       |       ||     1
       Invisible         |       |       |       |     1 |     5 ||     6
